 Dungeon Crawl Stone Soup version 0.32-a0-646-g91cf321817 (webtiles) character file.

Game seed: 9003423171756003437

0 GordonOverkill the Sneak (level 1, -1/13 HPs)
             Began as a Deep Elf Delver on Mar 8, 2024.
             Killed from afar by Ijyb (14 damage)
             ... with a rupture
             ... on level 5 of the Dungeon.
             The game lasted 00:01:03 (168 turns).

GordonOverkill the Sneak (Deep Elf Delver)           Turns: 168, Time: 00:01:04

Health: -1/13      AC:  3    Str:  9    XL:     1   Next: 8%
Magic:  3/3        EV: 12    Int: 14    God:
Gold:   0          SH:  0    Dex: 16    Spells: 0/0 levels left

rFire   . . .        a - +0 short sword
rCold   . . .        (no shield)
rNeg    . . .        b - +0 leather armour
rPois   .            (no helmet)
rElec   .            (no cloak)
rCorr   .            (no gloves)
SInv    .            (no boots)
Will    .....        (no amulet)
Stlth   +++          (no ring)
HPRegen 0.22/turn    (no ring)
MPRegen 0.08/turn

%: no passive effects
@: no status effects
A: no striking features
a: no special abilities


You were on level 5 of the Dungeon.
You visited 1 branch of the dungeon, and saw 2 of its levels.

Inventory:

Hand Weapons
 a - a +0 short sword (weapon)
Armour
 b - a +0 leather armour (worn)
Wands
 g - a wand of digging (2)
Scrolls
 c - a scroll of fog
 e - a scroll of fear
Potions
 f - a potion of attraction {unknown}


   Skills:
 + Level 2.4 Fighting
 - Level 2.0 Short Blades
 - Level 2.4 Dodging
 - Level 6.0 Stealth


You couldn't memorise any spells.
You didn't know any spells.
Your spell library was empty.

Dungeon Overview and Level Annotations

Branches:
Dungeon (6/15)
 Temple: D:4-7

Altars:

Annotations:
D:5 Ijyb, Menkaure


Message History

You climb upwards.
There is a stone staircase leading down here.
Found a potion of haste.
An ogre comes into view. It is wielding a +0 giant club.
Found 8 stones.
An ogre is nearby!
There is a stone staircase leading down here.
A dart slug comes into view.
A dart slug is nearby!
Ijyb and a scorpion come into view.
Ijyb is wielding a +0 dagger, wearing a +1 scale mail of cold resistance and carrying a wand of warping.
Ijyb shouts!
You hear an angry hiss.
A water moccasin comes into view.
Ijyb zaps a wand.
Space twists violently!
The rupture engulfs you!
Ouch! That really hurt!
* * * LOW HITPOINT WARNING * * *
You hear an angry growl.
You are too injured to fight recklessly!
The dart slug launches a dart at you. The slug dart misses you.
You feel yourself speed up.
Found 5 stones.
Found an emerald potion.
Found 2 viscous yellow potions.
f - an emerald potion Menkaure, Prince of Dust comes into view.
As you read the scroll of revelation, it crumbles to dust.
You feel aware of your surroundings.
Aiming: Dig
Press: ? - help, Shift-Dir - straight line A rock wall.
The rock shatters into small pieces.
Your extra speed is starting to run out.
You see here 5 stones.
You feel yourself slow down.
Things that are here:
4 stones; a +0 dagger; a kobold corpse Ijyb zaps a wand.
Space twists violently!
The rupture engulfs you!
You blink.
Ouch! That really hurt!
You die...

##.## ##..## #..# ###..##
##.## ##..### #..## ##..##
##..#####..## #.........##
##..##....## ##..#####..###
#####...# ##..@.###
##.......# #.......#**
>.....#..#*##.s##.....#**
.######..g##..##*###....***
## ##..>...# **#[.,,***
##..(.## **#,,,,*** #..ยง##
****,,,*** ##..# ***,,,*
#..# ***,,


You could see a scorpion.

Vanquished Creatures
  A kobold (D:5)
1 creature vanquished.

Notes
Turn   | Place    | Note
-------+----------+-------------------------------------------
     0 | D:5      | GordonOverkill the Deep Elf Delver began the quest for the
                  | Orb.
     0 | D:5      | Reached XP level 1. HP: 13/13 MP: 3/3
    45 | D:6      | Noticed a sky beast
    53 | D:5      | Noticed an ogre
    85 | D:5      | Noticed Ijyb
    85 | D:5      | Noticed a scorpion
    86 | D:5      | Noticed a water moccasin
   124 | D:5      | Noticed Menkaure
   168 | D:5      | Killed from afar by Ijyb

Illustrated notes

Levels and vault maps discovered:
D:5:      layout_cave_pods, uniq_ijyb, uniq_menkaure
D:6:      layout_loops_ring, serial_shops, shop, uniq_blork_the_orc,
          uniq_jeremiah

Action                     || total
---------------------------++-------
  Melee: Short sword       ||     3
  Evoke: Wand              ||     1
    Use: Scroll            ||     1
         Potion            ||     1
 Armour: Leather armour    ||     5
  Dodge: Dodged            ||     1

Table legend: (Time is in decaauts)
 A = Elapsed time spent in this place.
 B = Non-inter-level travel time spent in this place.
 C = Inter-level travel time spent in this place.
 D = Time resting spent in this place.
 E = Time spent auto-exploring this place.
 F = Levels seen in this place.
 G = Mean time per level.
                   A        B        C        D        E       F      G
               +--------+--------+--------+--------+--------+-----+--------+
         Total |    148 |    148 |      0 |     13 |      0 |   2 |   74.0 |
       Dungeon |    148 |    148 |      0 |     13 |      0 |   2 |   74.0 |
               +--------+--------+--------+--------+--------+-----+--------+

Top non-repeatable levels by time:
     D:5: 142 daAuts
     D:6: 5 daAuts
